 Dungeon Crawl Stone Soup version 0.30-a0-782-ge64f9170bb (webtiles) character file.

Game seed: 3570605440247812907

176340 Flugkiller the Devastator (level 17, -12/88 (99) HPs)
             Began as a Deep Elf Air Elementalist on Feb 19, 2023.
             Was a High Priest of Vehumet.
             Mangled by a nagaraja
             ... wielding a +2 whip of draining
              (20 damage)
             ... on level 4 of the Snake Pit.
             The game lasted 01:14:52 (38818 turns).

Flugkiller the Devastator (DEAE)                   Turns: 38818, Time: 01:14:53

HP:   -12/88 (99)   AC: 15    Str:  5      XL:     17   Next: 50%
MP:   36/39         EV: 20    Int: 26 (29) God:    Vehumet [*****.]
Gold: 1417          SH:  0    Dex: 15      Spells: 7/48 levels left

rFire   . . .      SeeInvis .    M - staff of air
rCold   + . .      Faith    .    (no shield)
rNeg    . . .      Spirit   .    P - +2 robe {Archmagi}
rPois   .          Reflect  .    A - +2 hat {Will+}
rElec   +          Harm     .    B - +2 cloak
rCorr   .          Rampage  .    N - +2 pair of gloves
Will    ++...      Archmagi +    H - +2 pair of boots
Stlth   ++                       S - amulet of magic regeneration
HPRegen 0.34/turn                p - ring of protection from cold
MPRegen 0.66/turn                v - +5 ring of evasion

@: very slightly contaminated, constricted, heavily drained
A: mutation resistance 1, MP-powered wands
a: Renounce Religion


You were on level 4 of the Snake Pit.
You worshipped Vehumet.
Vehumet was extremely pleased with you.
You visited 4 branches of the dungeon, and saw 26 of its levels.
You also visited: Gauntlet, Ice Cave and Volcano.

You collected 2874 gold pieces.
You spent 1457 gold pieces at shops.

Inventory:

Missiles
 k - a curare-tipped dart
 I - 5 throwing nets
Armour
 A - a +2 hat of willpower (worn)
   (You took it off Gastronok on level 9 of the Dungeon)
 B - a +2 cloak (worn)
   (You found it on level 4 of the Dungeon)
 H - a +2 pair of boots (worn)
   (You found it on level 1 of the Lair of Beasts)
 N - a +2 pair of gloves (worn)
   (You found it on level 9 of the Dungeon)
 P - a +2 robe of the Archmagi (worn)
   (You took it off an orc wizard on level 11 of the Dungeon)
Magical Staves
 M - a staff of air (weapon)
   (You acquired it on level 10 of the Dungeon)
Jewellery
 f - a ring of protection from fire
   (You found it on level 12 of the Dungeon)
 i - a ring of see invisible
   (You took it off a salamander mystic on level 2 of the Snake Pit)
 m - a ring of willpower
   (You found it on level 1 of the Dungeon)
 p - a ring of protection from cold (left hand)
   (You found it on level 11 of the Dungeon)
 r - the ring "Demit" {rF+ Will+ rCorr Dex+4}
   (You bought it in a shop on level 2 of the Orcish Mines)

   [ring of willpower]

   Dex:       It affects your dexterity (+4).
   rF:        It protects you from fire.
   rCorr:     It protects you from acid and corrosion.
   Will:      It increases your willpower.
 v - a +5 ring of evasion (right hand)
   (You found it on level 14 of the Dungeon)
 S - an amulet of magic regeneration (around neck)
   (You found it on level 14 of the Dungeon)
Wands
 l - a wand of acid (11)
   (You found it on level 1 of the Lair of Beasts)
 C - a wand of flame (100)
   (You found it on level 4 of the Dungeon)
 D - a wand of charming (28)
   (You found it on level 4 of the Dungeon)
 E - a wand of iceblast (17)
   (You found it on level 3 of the Dungeon)
 K - a wand of mindburst (19)
   (You found it on level 3 of the Lair of Beasts)
Scrolls
 c - 4 scrolls of immolation
 g - a scroll of silence
 n - 4 scrolls of fear
 t - 13 scrolls of teleportation
 u - 2 scrolls of torment
 x - 2 scrolls of summoning
 y - 4 scrolls of poison
 z - 3 scrolls of blinking
 F - 3 scrolls of vulnerability
 J - 3 scrolls of magic mapping
 L - 5 scrolls of fog
 R - 4 scrolls of amnesia
 X - a scroll of acquirement
Potions
 a - 2 potions of attraction
 b - 7 potions of magic
 d - 4 potions of might
 e - 9 potions of mutation
 h - 2 potions of haste
 j - 2 potions of brilliance
 q - 8 potions of curing
 s - 2 potions of berserk rage
 w - 4 potions of heal wounds
 G - 4 potions of flight
 O - a potion of cancellation
 Q - a potion of invisibility
 U - 3 potions of lignification
 V - a potion of ambrosia
Miscellaneous
 o - a phial of floods (inert)
   (You found it on level 12 of the Dungeon)
 T - a tin of tremorstones (2/2)
   (You found it on level 5 of the Lair of Beasts)
 W - a box of beasts
   (You found it on level 3 of the Snake Pit)
 Y - a phantom mirror
   (You found it on level 4 of the Snake Pit)


   Skills:
 - Level 8.7 Fighting
 - Level 11.2 Dodging
 - Level 2.4 Stealth
 + Level 16.4 Spellcasting
 - Level 20.0 Conjurations
 - Level 12.0 Hexes
 + Level 3.2 Summonings
 - Level 10.0 Transmutations
 - Level 11.0 Air Magic
 - Level 7.0 Evocations


You had 7 spell levels left.
You knew the following spells:

 Your Spells              Type           Power      Damage    Failure   Level
a - Shock                 Conj/Air       100%       1d9       0%          1
b - Static Discharge      Conj/Air       100%       2-7/arc   0%          2
c - Airstrike             Air            54%        2d(8-24)  1%          4
d - Fulminant Prism       Conj/Hex       51%        3d23      1%          4
e - Arcjolt               Conj/Air       62%        1d72      1%          5
f - Cause Fear            Hex            45%        N/A       1%          4
g - Conjure Ball Lightni  Conj/Air       62%        3x3d22    1%          6
h - Spellforged Servitor  Conj/Summ      44%        N/A       4%          7
i - Irradiate             Conj/Tmut      49%        3d28      1%          5
w - Swiftness             Air            100%       N/A       1%          3

Your spell library contained the following spells:

 Spells                   Type           Power      Damage    Failure   Level
 Magic Dart               Conj           100%       1d8       0%          1
 Searing Ray              Conj           100%       2d8       0%          2
 Beastly Appendage        Tmut           100%       N/A       1%          1
 Freeze                   Ice            100%       1d10      1%          1
 Kiss of Death            Conj/Necr      100%       2d13      1%          1
 Sting                    Tmut/Pois      100%       1d8       1%          1
 Poisonous Vapours        Pois/Air       100%       N/A       1%          2
 Wereblood                Tmut           83%        N/A       1%          2
 Confusing Touch          Hex            90%        N/A       1%          3
 Frozen Ramparts          Ice            64%        1d10      1%          3
 Hailstorm                Conj/Ice       83%        3d17      1%          3
 Ignite Poison            Fire/Tmut/Pois 55%        N/A       1%          3
 Inner Flame              Hex/Fire       68%        N/A       1%          3
 Spider Form              Tmut/Pois      63%        N/A       1%          3
 Stone Arrow              Conj/Erth      100%       3d13      1%          3
 Vhi's Electric Charge    Tloc/Air       100%       N/A       1%          3
 Anguish                  Hex/Necr       34%        N/A       1%          4
 Iskenderun's Mystic Bla  Conj/Tloc      83%        2d16      1%          4
 Sticky Flame             Conj/Fire      83%        2d9       1%          4
 Freezing Cloud           Conj/Ice/Air   53%        6-21      1%          5
 Lightning Bolt           Conj/Air       62%        1d85      1%          5
 Blink                    Tloc           64%        N/A       3%          2
 Lesser Beckoning         Tloc           64%        N/A       3%          2
 Ice Form                 Ice/Tmut       63%        N/A       3%          4
 Gell's Gravitas          Tloc           32%        N/A       7%          3
 Teleport Other           Tloc           32%        N/A       7%          3
 Olgreb's Toxic Radiance  Pois           32%        N/A       7%          4
 Animate Armour           Summ/Erth      88%        N/A       12%         4
 Summon Ice Beast         Ice/Summ       44%        N/A       12%         4
 Dispel Undead            Necr           32%        3d14      24%         4
 Manifold Assault         Tloc           32%        N/A       24%         4
 Storm Form               Tmut/Air       53%        N/A       26%         7
 Simulacrum               Ice/Necr       16%        N/A       98%         6
 Lehudib's Crystal Spear  Conj/Erth      41%        10d10     52%         8
 Discord                  Hex            45%        N/A       75%         8
 Ignition                 Fire           16%        3d6       100%        8
 Polar Vortex             Ice            16%        N/A       100%        9


Dungeon Overview and Level Annotations

Branches:
Dungeon (15/15) Zot: 25203  Temple (0/1) D:7            Lair (5/5) D:9 Zot: 19949
 Shoals (0/4) Lair:2        Snake (4/4) Lair:2 Zot: 18081   Slime (0/5) Lair:5
    Orc (2/2) D:10 Zot: 11019     Elf (0/3) Orc:2        Vaults (0/5) D:13
 Depths (0/4) D:15          IceCv (visited)         Volcano (visited)
Gauntlet (visited)

Altars:
Ashenzari
Dithmenos
Elyvilon
Gozag
Makhleb
Nemelex Xobeh
Ru
Vehumet
Wu Jian
Yredelemnul
Zin
Jiyva

Shops:
D:10 :((:   D:14 (   Orc:2 =![(*   Snake:2 ?*![

Portals:
Trove: D:12 (give +7 demon whip)

Annotations:
D:3 1 runed translucent door, Crazy Yiuf
D:8 3 runed translucent doors, MCDelver's ghost, novice OpFE; Reshi88's ghost, novice TrTm; caveywoolpert's ghost, novice DsEE


Innate Abilities, Weirdness & Mutations

You are somewhat resistant to further mutation.
You expend magic power (3 MP) to strengthen your wands.


Message History

The salamander is heavily wounded.
Casting: Airstrike (safe; 1% risk of failure)
Confirm with . or Enter, or press ? or * to list all spells.
Aiming: Airstrike (safe; 1% risk of failure)
Press: ? - help, Dir - move target, f/p - salamander
Aim: a salamander, wielding a +0 spear (heavily wounded, empty space bonus: 7/8)
You feel a strong surge of power!
The air twists around and strikes the salamander!!
The salamander is almost dead.
Casting: Airstrike (safe; 1% risk of failure)
Confirm with . or Enter, or press ? or * to list all spells.
Aiming: Airstrike (safe; 1% risk of failure)
Press: ? - help, Dir - move target, f/p - salamander
Aim: a salamander, wielding a +0 spear (almost dead, empty space bonus: 6/8)
You feel a strong surge of power!
The air twists around and strikes the salamander!
You kill the salamander!
Vehumet accepts your kill.
You feel your power returning.
t - 13 scrolls of teleportation (gained 1)
Things that are here:
a +0 spear; a salamander corpse
D - a wand of charming (28) (gained 4 charges)
A naga comes into view.
It is wielding a +0 long sword of electrocution.
Found a stone staircase leading up.
Casting: Airstrike (safe; 1% risk of failure)
Confirm with . or Enter, or press ? or * to list all spells.
You feel a surge of power!
You erupt in a fountain of uncontrolled magic!
The naga is blasted with magical radiation!!
You kill the naga!
Vehumet accepts your kill.
You feel your power returning.
You are very lightly contaminated with residual magic.
You now have 1417 gold pieces (gained 11).
There is a stone staircase leading up here.
You see here a +0 long sword of electrocution.
Your magical contamination has completely faded away.
You open the large door.
A naga warrior, a naga and a nagaraja come into view.
The naga warrior is wielding a +0 long sword and wearing a +2 kite shield of protection.
The naga is wielding a +2 scimitar of holy wrath and wearing a +1 robe of willpower.
The nagaraja is wielding a +2 whip of draining.
The nagaraja spits poison at you. The splash of poison misses you.
Found 6 poisoned darts.
The nagaraja gestures wildly while chanting.
The nagaraja seems to speed up.
You hear a shout! x2
You hear a shout!
The nagaraja spits poison at you. The splash of poison misses you.
The nagaraja spits poison at you. The splash of poison hits you!
You are poisoned.
You feel very sick.
You feel sick.
Things that are here:
a +0 spear; a salamander corpse You feel sick.
The nagaraja attacks as you move away!
The nagaraja hits you with a +2 whip of draining!!
You feel drained.
You feel sick. The nagaraja spits poison at you.
The splash of poison hits you but does no damage.
You are more poisoned.
Aim the phial where?
Press: ? - help, Shift-Dir - straight line, f - nagaraja
Aim: a nagaraja, wielding a +2 whip of draining and wearing a +0 robe (fast, catching its breath)
The torrent of water hits the nagaraja!!
The nagaraja is moderately wounded.
The wave splashes down.
The nagaraja is engulfed in water.
You feel very sick.
You hear a shout! x4; You hear an angry hiss.
You hear a shout! x13
Casting: Irradiate (safe; 1% risk of failure)
Confirm with . or Enter, or press ? or * to list all spells.
You feel a surge of power!
You erupt in a fountain of uncontrolled magic!
The nagaraja is blasted with magical radiation!!
The nagaraja is severely wounded.
You are very lightly contaminated with residual magic.
You feel sick.
The nagaraja hits you with a +2 whip of draining!!
* * * LOW HITPOINT WARNING * * *
You feel drained.
* * * LOW HITPOINT WARNING * * *
The nagaraja closely misses you.
The nagaraja hits you with a +2 whip of draining!
* * * LOW HITPOINT WARNING * * *
You feel drained.
* * * LOW HITPOINT WARNING * * *
The nagaraja grabs you. The nagaraja constricts you.
You feel better. The nagaraja spits poison at you.
The splash of poison misses you. The nagaraja constricts you.
* * * LOW HITPOINT WARNING * * *
Blink to where?
Press: ? - help, Dir - move target, p - nagaraja The nagaraja's grasp on you weakens, but your attempt to escape fails.
As you read the scroll of blinking, it crumbles to dust.
The nagaraja hits you with a +2 whip of draining!!
You die...

#####......####..............####
#####....#####..........##..###..
..##..##N####...........####....)
..##.####.##.............####....
..#.#.####.#..~.~.....###.#......
.#......##..#.~#~..#### ##.......
..รท#.....##..##~).#..## #.......
...).....#####~~N####.## ##......
.........##..~~~@......####......
##........................#..#...
#..........#............#.....###
#.........#....................##
..........#..##..................
.........#..####..#..............
...............###......#.#......
.............................[...
.......##...................#....


You could see a nagaraja (fast, catching breath, waterlogged).

Vanquished Creatures
  Gastronok (D:9)
  3 very ugly things
  Azrael (D:13)
  Snorg (D:14)
  An ettin (D:13)
  A caustic shrike simulacrum (IceCv)
  4 hydras
  Erolcha (Orc:2)
  Harold (Lair:1)
  An ice dragon (Lair:5)
  7 anacondas
  4 centaur warriors
  2 ogre magi (Orc:2)
  9 two-headed ogres
  A tengu warrior (D:13)
  A dancing weapon (Volcano)
  3 boulder beetles
  A death knight (D:15)
  10 naga warriors
  9 naga sharpshooters
  5 shock serpents
  An iron troll (D:13)
  A salamander mystic (Snake:2)
  A skyshark (Lair:3)
  2 deep trolls (Orc:2)
  4 naga ritualists
  7 wizards
  2 orange crystal statues (IceCv)
  2 lindwurms (Lair:5)
  A necromancer (D:15)
  An orc knight (D:15)
  A wolf spider zombie (D:15)
  A phantasmal warrior (D:15)
  16 mana vipers
  2 harpies (Lair:2)
  12 ugly things
  An oklob plant (Lair:1)
  2 manticores
  2 deep elf pyromancers (D:13)
  2 deep elf zephyrmancers (D:15)
  8 cyclopes
  9 salamanders
  A salamander (shapeshifter) (D:13)
  3 elephants (Lair:5)
  5 toenail golems (Volcano)
  6 torpor snails (Lair:5)
  A guardian serpent (Snake:4)
  14 naga magi
  13 cane toads
  36 black mambas
  10 komodo dragons
  An unseen horror (D:12)
  2 kobold demonologists
  3 anaconda simulacra (IceCv)
  A rime drake (Lair:3)
  An efreet (D:14)
  3 freezing wraiths
  A tengu conjurer (D:13)
  3 golden dragon simulacra (IceCv)
  10 polar bears (Lair:5)
  13 trolls
  A queen bee (shapeshifter) (D:13)
  3 tyrant leeches (Lair:5)
  A harpy skeleton (D:15)
  8 hornets (Lair:5)
  Grinder (D:3)
  3 blink frogs (Lair:1)
  2 raiju (Lair:5)
  12 dream sheep (Lair:5)
  4 slime creatures (D:13)
  2 spriggans
  2 wyverns
  4 shadows
  A water elemental (D:13)
  4 basilisks
  30 yaks
  4 wraiths
  2 fire elementals (D:13)
  3 fire bats (Orc:2)
  A steam dragon (D:9)
  9 vampire mosquitoes
  5 wargs
  29 nagas
  4 hydra simulacra (IceCv)
  An acid dragon (D:9)
  2 harpy simulacra (IceCv)
  11 water moccasins
  17 hell hounds
  A meliai simulacrum (D:15)
  An ice beast (D:5)
  An ettin simulacrum (IceCv)
  24 orc warriors
  19 ogres
  3 sky beasts
  16 black bears
  38 wolves
  2 alligator simulacra (IceCv)
  A phantom (D:5)
  11 centaurs
  4 kobold brigands
  15 bullfrogs
  A gnoll sergeant (D:8)
  A scorpion (D:9)
  A necrophage (D:5)
  13 wights
  A hornet simulacrum (D:15)
  2 lindwurm simulacra (IceCv)
  3 killer bees (D:8)
  6 electric eels
  A howler monkey (D:8)
  A crimson imp (D:6)
  A jelly (D:6)
  3 hounds
  27 orc priests
  Natasha (thrice) (D:3)
  2 iguanas
  2 hell rats (Lair:3)
  21 orc wizards
  3 gnolls
  6 adders
  A river rat (Lair:1)
  A white imp (D:7)
  4 worms
  A dart slug (D:1)
  69 orcs
  7 ball pythons
  6 endoplasms
  2 giant cockroaches
  A goblin (D:3)
  4 hobgoblins
  6 kobolds
  3 bats
  A rat (D:3)
  A bush (Lair:1)
779 creatures vanquished.

Vanquished Creatures (collateral kills)
  A hornet (Lair:5)
  An iguana (D:5)
  17 ball lightnings
19 creatures vanquished.

Vanquished Creatures (others)
  105 ball lightnings
  48 fulminant prisms
  58 fungi
  85 plants
296 creatures vanquished.

Grand Total: 1094 creatures vanquished

Notes
Turn   | Place    | Note
-------+----------+-------------------------------------------
     0 | D:1      | Flugkiller the Deep Elf Air Elementalist began the quest
                  | for the Orb.
     0 | D:1      | Reached XP level 1. HP: 10/10 MP: 6/6
   246 | D:1      | Reached XP level 2. HP: 15/15 MP: 4/8
   640 | D:2      | Found a faded altar of an unknown god.
   973 | D:2      | Reached skill level 2 in Conjurations
  1076 | D:3      | Reached XP level 3. HP: 19/19 MP: 2/10
  1188 | D:3      | Found a runed translucent door.
  1189 | D:3      | Noticed Crazy Yiuf
  1408 | D:3      | Noticed Grinder
  1411 | D:3      | Noticed Natasha
  1483 | D:4      | Learned a level 2 spell: Static Discharge
  1487 | D:4      | Learned a level 3 spell: Swiftness
  1687 | D:4      | Reached XP level 4. HP: 24/24 MP: 4/12
  2875 | D:5      | Entered Level 5 of the Dungeon
  2875 | D:5      | Noticed a phantom
  2881 | D:5      | Found a radiant altar of Vehumet.
  2882 | D:5      | Killed a phantom
  2883 | D:5      | Reached skill level 5 in Air Magic
  2883 | D:5      | Reached XP level 5. HP: 7/28 MP: 2/13
  2990 | D:5      | Noticed an ice beast
  2997 | D:5      | Killed an ice beast
  2998 | D:5      | Reached XP level 6. HP: 32/32 MP: 6/14
  3391 | D:5      | Became a worshipper of Vehumet
  3801 | D:6      | Found a basalt altar of Yredelemnul.
  3947 | D:6      | Noticed an orc warrior
  3988 | D:5      | Learned a level 4 spell: Airstrike
  4043 | D:6      | Found a broken altar of Ashenzari.
  4104 | D:6      | Reached XP level 7. HP: 37/37 MP: 10/15
  4157 | D:6      | Found a burning altar of Makhleb.
  4163 | D:6      | Reached skill level 1 in Fighting
  4257 | D:6      | Found an opulent altar of Gozag.
  4506 | D:6      | Found a shadowy altar of Dithmenos.
  4895 | D:6      | Found an ornate altar of the Wu Jian Council.
  4924 | D:6      | Found a white marble altar of Elyvilon.
  5058 | D:7      | Reached skill level 5 in Spellcasting
  5201 | D:7      | Reached XP level 8. HP: 30/44 MP: 4/18
  5699 | D:7      | Found a staircase to the Ecumenical Temple.
  5778 | D:7      | Reached skill level 5 in Dodging
  6229 | D:8      | Learned a level 4 spell: Fulminant Prism
  6330 | D:8      | Reached * piety under Vehumet
  6330 | D:8      | Offered knowledge of Freeze by Vehumet.
  6338 | D:8      | Reached skill level 3 in Conjurations
  6544 | D:8      | Found a runed translucent gate.
  6545 | D:8      | Found a runed translucent gate.
  6546 | D:8      | Found a runed translucent gate.
  6548 | D:8      | Noticed MCDelver's ghost (novice OpFE)
  6549 | D:8      | Noticed Reshi88's ghost (novice TrTm)
  6549 | D:8      | Noticed caveywoolpert's ghost (novice DsEE)
  6624 | D:8      | Reached XP level 9. HP: 50/50 MP: 19/23
  6983 | D:8      | Reached skill level 4 in Conjurations
  7445 | D:3      | Killed Natasha
  7471 | D:3      | Killed Grinder
  7700 | D:3      | Noticed Natasha
  7702 | D:3      | Killed Natasha
  7759 | D:3      | Noticed Natasha
  7762 | D:3      | Killed Natasha
  8397 | D:9      | Found a sacrificial altar of Ru.
  8405 | D:9      | Noticed Gastronok
  8481 | D:9      | Reached skill level 5 in Conjurations
  8582 | D:9      | Reached skill level 10 in Spellcasting
  8614 | D:9      | Reached ** piety under Vehumet
  8660 | D:9      | Offered knowledge of Scorch by Vehumet.
  8661 | D:9      | Reached skill level 6 in Conjurations
  8669 | D:9      | Reached skill level 7 in Conjurations
  8910 | D:9      | Reached skill level 8 in Conjurations
  8933 | D:9      | Reached skill level 1 in Hexes
  8935 | D:9      | Reached XP level 10. HP: 56/56 MP: 9/26
  9443 | D:9      | Reached skill level 5 in Hexes
  9581 | D:9      | Found a staircase to the Lair.
  9630 | D:9      | Found a staircase to the Lair.
 10110 | D:9      | Killed Gastronok
 10309 | D:10     | Entered Level 10 of the Dungeon
 10334 | D:10     | Identified the +4 long sword "Flugkiller's Foe" {freeze,
                  | +Blink rF- Dex-4 SInv}
 10541 | D:10     | Found Osupreas's Book Emporium.
 10543 | D:10     | Found Gouclim's Antique Weapon Emporium.
 10544 | D:10     | Found Vero's Book Emporium.
 10545 | D:10     | Found Ekkifem's Weapon Emporium.
 10912 | D:10     | Noticed a two-headed ogre
 10925 | D:10     | Killed a two-headed ogre
 10926 | D:10     | Reached XP level 11. HP: 61/61 MP: 18/27
 11158 | D:10     | Offered knowledge of Kindle Blastsparks by Vehumet.
 11162 | D:10     | Reached skill level 5 in Evocations
 11426 | D:10     | Reached *** piety under Vehumet
 11490 | D:10     | Found a glowing silver altar of Zin.
 11507 | D:10     | Reached skill level 9 in Conjurations
 12055 | D:10     | Reached skill level 10 in Hexes
 12114 | D:10     | Found a staircase to the Orcish Mines.
 12231 | D:10     | Identified a scroll of acquirement
 12232 | D:10     | Acquired a staff of air
 12707 | D:11     | Found a gate leading to a gauntlet.
 12713 | Gauntlet | Entered a Gauntlet
 12713 | Gauntlet | Found a transporter.
 12720 | Gauntlet | Noticed a wizard
 12721 | Gauntlet | Noticed a wizard
 12722 | Gauntlet | Found a transporter.
 12723 | Gauntlet | Noticed a wizard
 12724 | Gauntlet | Found a transporter.
 12724 | Gauntlet | Found a transporter.
 12724 | Gauntlet | Noticed a wizard
 12727 | Gauntlet | Found a transporter.
 12728 | Gauntlet | Found a transporter.
 12733 | Gauntlet | Noticed a seven-headed hydra
 12736 | Gauntlet | Found a transporter.
 12743 | Gauntlet | Found a transporter.
 12756 | Gauntlet | Found a transporter.
 12764 | Gauntlet | Found a transporter.
 12764 | Gauntlet | Found a transporter.
 12769 | Gauntlet | Noticed a fire dragon
 12772 | Gauntlet | Found a transporter.
 12777 | Gauntlet | a fire dragon changed into an azure jelly
 12777 | Gauntlet | Noticed an azure jelly (glowing shapeshifter)
 12778 | Gauntlet | an azure jelly changed into a stone giant
 12778 | Gauntlet | Noticed a stone giant (glowing shapeshifter)
 12786 | Gauntlet | a stone giant changed into an azure jelly
 12786 | Gauntlet | Noticed an azure jelly (glowing shapeshifter)
 12788 | Gauntlet | Found the ring of the Octopus King
 12788 | Gauntlet | an azure jelly changed into a fenstrider witch
 12788 | Gauntlet | Noticed a fenstrider witch (glowing shapeshifter)
 12795 | Gauntlet | Noticed a frost giant
 12798 | Gauntlet | a frost giant changed into a shadow dragon
 12798 | Gauntlet | Noticed a shadow dragon (glowing shapeshifter)
 12901 | Gauntlet | Noticed a fenstrider witch
 12901 | Gauntlet | a fenstrider witch changed into a fire giant
 12901 | Gauntlet | Noticed a fire giant (glowing shapeshifter)
 12903 | Gauntlet | a fire giant changed into a quicksilver dragon
 12903 | Gauntlet | Noticed a quicksilver dragon (glowing shapeshifter)
 12912 | Gauntlet | a quicksilver dragon changed into an iron troll
 12912 | Gauntlet | Noticed an iron troll (glowing shapeshifter)
 12928 | Gauntlet | an iron troll changed into a golden dragon
 12928 | Gauntlet | Noticed a golden dragon (glowing shapeshifter)
 12931 | Gauntlet | a golden dragon changed into an iron dragon
 12931 | Gauntlet | Noticed an iron dragon (glowing shapeshifter)
 12936 | Gauntlet | an iron dragon changed into a shadow dragon
 12936 | Gauntlet | Noticed a shadow dragon (glowing shapeshifter)
 12943 | Gauntlet | a shadow dragon changed into a sphinx
 12943 | Gauntlet | Noticed a sphinx (glowing shapeshifter)
 12945 | Gauntlet | a salamander changed into a harpy
 12945 | Gauntlet | Noticed a harpy (shapeshifter)
 12946 | Gauntlet | a sphinx changed into a quicksilver dragon
 12946 | Gauntlet | Noticed a quicksilver dragon (glowing shapeshifter)
 12951 | Gauntlet | a quicksilver dragon changed into an iron troll
 12951 | Gauntlet | Noticed an iron troll (glowing shapeshifter)
 12951 | Gauntlet | a harpy changed into a black mamba
 12955 | Gauntlet | an iron troll changed into a quicksilver dragon
 12955 | Gauntlet | Noticed a quicksilver dragon (glowing shapeshifter)
 12956 | Gauntlet | a quicksilver dragon changed into a fenstrider witch
 12956 | Gauntlet | Noticed a fenstrider witch (glowing shapeshifter)
 12960 | Gauntlet | a fenstrider witch changed into an iron troll
 12960 | Gauntlet | Noticed an iron troll (glowing shapeshifter)
 12962 | Gauntlet | an iron troll changed into a dire elephant
 12962 | Gauntlet | Noticed a dire elephant (glowing shapeshifter)
 12966 | Gauntlet | a dire elephant changed into a fenstrider witch
 12966 | Gauntlet | Noticed a fenstrider witch (glowing shapeshifter)
 12968 | Gauntlet | a fenstrider witch changed into an eleionoma
 12968 | Gauntlet | Noticed an eleionoma (glowing shapeshifter)
 12968 | Gauntlet | a black mamba changed into an entropy weaver
 12968 | Gauntlet | Noticed an entropy weaver (shapeshifter)
 12970 | Gauntlet | an eleionoma changed into a dire elephant
 12970 | Gauntlet | Noticed a dire elephant (glowing shapeshifter)
 12973 | Gauntlet | an entropy weaver changed into a blink frog
 12979 | Gauntlet | a dire elephant changed into a fenstrider witch
 12979 | Gauntlet | Noticed a fenstrider witch (glowing shapeshifter)
 12984 | Gauntlet | a fenstrider witch changed into a dire elephant
 12984 | Gauntlet | Noticed a dire elephant (glowing shapeshifter)
 12987 | Gauntlet | a dire elephant changed into a sphinx
 12987 | Gauntlet | Noticed a sphinx (glowing shapeshifter)
 12992 | Gauntlet | a sphinx changed into a frost giant
 12992 | Gauntlet | Noticed a frost giant (glowing shapeshifter)
 12993 | Gauntlet | a frost giant changed into a stone giant
 12993 | Gauntlet | Noticed a stone giant (glowing shapeshifter)
 12995 | Gauntlet | a stone giant changed into a quicksilver dragon
 12995 | Gauntlet | Noticed a quicksilver dragon (glowing shapeshifter)
 13000 | Gauntlet | a floating eye changed into a swamp dragon
 13000 | Gauntlet | Noticed a swamp dragon (shapeshifter)
 13001 | Gauntlet | a quicksilver dragon changed into a fenstrider witch
 13001 | Gauntlet | Noticed a fenstrider witch (glowing shapeshifter)
 13002 | Gauntlet | a fenstrider witch changed into a quicksilver dragon
 13002 | Gauntlet | Noticed a quicksilver dragon (glowing shapeshifter)
 13007 | Gauntlet | a quicksilver dragon changed into an iron troll
 13007 | Gauntlet | Noticed an iron troll (glowing shapeshifter)
 13008 | Gauntlet | an iron troll changed into a fire giant
 13008 | Gauntlet | Noticed a fire giant (glowing shapeshifter)
 13009 | Gauntlet | a komodo dragon changed into a lindwurm
 13009 | Gauntlet | Noticed a lindwurm (shapeshifter)
 13010 | Gauntlet | a lindwurm changed into a floating eye
 13015 | Gauntlet | a fire giant changed into a fenstrider witch
 13015 | Gauntlet | Noticed a fenstrider witch (glowing shapeshifter)
 13021 | Gauntlet | a fenstrider witch changed into a death yak
 13021 | Gauntlet | Noticed a death yak (glowing shapeshifter)
 13023 | Gauntlet | a death yak changed into an azure jelly
 13023 | Gauntlet | Noticed an azure jelly (glowing shapeshifter)
 13025 | Gauntlet | an azure jelly changed into a quicksilver dragon
 13025 | Gauntlet | Noticed a quicksilver dragon (glowing shapeshifter)
 13028 | Gauntlet | a swamp dragon changed into a moth of wrath
 13031 | Gauntlet | a quicksilver dragon changed into a fire giant
 13031 | Gauntlet | Noticed a fire giant (glowing shapeshifter)
 13033 | Gauntlet | a fire giant changed into an iron dragon
 13033 | Gauntlet | Noticed an iron dragon (glowing shapeshifter)
 13041 | Gauntlet | an iron dragon changed into a caustic shrike
 13041 | Gauntlet | Noticed a caustic shrike (glowing shapeshifter)
 13047 | Gauntlet | a caustic shrike changed into a fire giant
 13047 | Gauntlet | Noticed a fire giant (glowing shapeshifter)
 13058 | Gauntlet | a fire giant changed into a quicksilver dragon
 13058 | Gauntlet | Noticed a quicksilver dragon (glowing shapeshifter)
 13058 | Gauntlet | a redback changed into a lindwurm
 13058 | Gauntlet | Noticed a lindwurm (shapeshifter)
 13063 | Gauntlet | a quicksilver dragon changed into a stone giant
 13063 | Gauntlet | Noticed a stone giant (glowing shapeshifter)
 13067 | Gauntlet | a stone giant changed into an alligator snapping turtle
 13067 | Gauntlet | Noticed an alligator snapping turtle (glowing shapeshifter)
 13068 | Gauntlet | a lindwurm changed into a two-headed ogre
 13068 | Gauntlet | Noticed a two-headed ogre (shapeshifter)
 13069 | Gauntlet | an alligator snapping turtle changed into a sphinx
 13069 | Gauntlet | Noticed a sphinx (glowing shapeshifter)
 13072 | Gauntlet | a moth of wrath changed into an orb spider
 13072 | Gauntlet | Noticed an orb spider (shapeshifter)
 13074 | Gauntlet | a sphinx changed into an alligator snapping turtle
 13074 | Gauntlet | Noticed an alligator snapping turtle (glowing shapeshifter)
 13075 | Gauntlet | an orb spider changed into an anaconda
 13075 | Gauntlet | Noticed an anaconda (shapeshifter)
 13079 | Gauntlet | an alligator snapping turtle changed into an eleionoma
 13079 | Gauntlet | Noticed an eleionoma (glowing shapeshifter)
 13080 | Gauntlet | an eleionoma changed into a frost giant
 13080 | Gauntlet | Noticed a frost giant (glowing shapeshifter)
 13095 | Gauntlet | a frost giant changed into a shadow dragon
 13095 | Gauntlet | Noticed a shadow dragon (glowing shapeshifter)
 13100 | Gauntlet | a shadow dragon changed into a golden dragon
 13100 | Gauntlet | Noticed a golden dragon (glowing shapeshifter)
 13103 | Gauntlet | a golden dragon changed into a caustic shrike
 13103 | Gauntlet | Noticed a caustic shrike (glowing shapeshifter)
 13104 | Gauntlet | a caustic shrike changed into an acid blob
 13104 | Gauntlet | Noticed an acid blob (glowing shapeshifter)
 13106 | Gauntlet | an acid blob changed into an iron troll
 13106 | Gauntlet | Noticed an iron troll (glowing shapeshifter)
 13109 | Gauntlet | an iron troll changed into a catoblepas
 13109 | Gauntlet | Noticed a catoblepas (glowing shapeshifter)
 13111 | Gauntlet | a two-headed ogre changed into a cyclops
 13113 | Gauntlet | a komodo dragon changed into a lindwurm
 13113 | Gauntlet | Noticed a lindwurm (shapeshifter)
 13118 | Gauntlet | a lindwurm changed into a tarantella
 13122 | Gauntlet | a catoblepas changed into a six-headed hydra
 13122 | Gauntlet | Noticed a six-headed hydra (glowing shapeshifter)
 13126 | Gauntlet | a six-headed hydra changed into a satyr
 13126 | Gauntlet | Noticed a satyr (glowing shapeshifter)
 13127 | Gauntlet | a satyr changed into a bunyip
 13127 | Gauntlet | Noticed a bunyip (glowing shapeshifter)
 13131 | Gauntlet | a bunyip changed into a jorogumo
 13131 | Gauntlet | Noticed a jorogumo (glowing shapeshifter)
 13139 | Gauntlet | a jorogumo changed into a spark wasp
 13139 | Gauntlet | Noticed a spark wasp (glowing shapeshifter)
 13143 | Gauntlet | a spark wasp changed into a broodmother
 13143 | Gauntlet | Noticed a broodmother (glowing shapeshifter)
 13145 | Gauntlet | a broodmother changed into a bunyip
 13145 | Gauntlet | Noticed a bunyip (glowing shapeshifter)
 13148 | Gauntlet | a bunyip changed into an alligator
 13148 | Gauntlet | Noticed an alligator (glowing shapeshifter)
 13153 | Gauntlet | an alligator changed into a radroach
 13153 | Gauntlet | Noticed a radroach (glowing shapeshifter)
 13156 | Gauntlet | a radroach changed into a satyr
 13156 | Gauntlet | Noticed a satyr (glowing shapeshifter)
 13162 | Gauntlet | an anaconda changed into an orb spider
 13162 | Gauntlet | Noticed an orb spider (shapeshifter)
 13163 | Gauntlet | a satyr changed into a bunyip
 13163 | Gauntlet | Noticed a bunyip (glowing shapeshifter)
 13166 | Gauntlet | a bunyip changed into an ettin
 13166 | Gauntlet | Noticed an ettin (glowing shapeshifter)
 13175 | Gauntlet | an ettin changed into a goliath frog
 13175 | Gauntlet | Noticed a goliath frog (glowing shapeshifter)
 13176 | Gauntlet | a goliath frog changed into a slime creature
 13177 | Gauntlet | a slime creature changed into a two-headed ogre
 13177 | Gauntlet | Noticed a two-headed ogre (glowing shapeshifter)
 13184 | Gauntlet | a two-headed ogre changed into a moth of wrath
 13191 | Gauntlet | a moth of wrath changed into a steelbarb worm
 13191 | Gauntlet | Noticed a steelbarb worm (glowing shapeshifter)
 13197 | Gauntlet | a steelbarb worm changed into a glowing orange brain
 13197 | Gauntlet | Noticed a glowing orange brain (glowing shapeshifter)
 13200 | Gauntlet | a glowing orange brain changed into a steelbarb worm
 13200 | Gauntlet | Noticed a steelbarb worm (glowing shapeshifter)
 13209 | Gauntlet | a steelbarb worm changed into an elephant
 13210 | Gauntlet | an elephant changed into a glowing orange brain
 13210 | Gauntlet | Noticed a glowing orange brain (glowing shapeshifter)
 13212 | Gauntlet | a glowing orange brain changed into an elephant
 13215 | Gauntlet | an orb spider changed into a two-headed ogre
 13215 | Gauntlet | Noticed a two-headed ogre (shapeshifter)
 13380 | D:11     | Offered knowledge of Hailstorm by Vehumet.
 13668 | D:11     | Reached skill level 10 in Conjurations
 14065 | D:11     | Identified the +2 plate armour "Ennuj" {+Inv rPois rC+}
 14289 | Lair:1   | Entered Level 1 of the Lair of Beasts
 14839 | Lair:1   | Reached skill level 11 in Conjurations
 15252 | Lair:1   | Reached **** piety under Vehumet
 15255 | Lair:1   | Offered knowledge of Inner Flame by Vehumet.
 15256 | Lair:1   | Reached skill level 12 in Conjurations
 15256 | Lair:1   | Reached XP level 12. HP: 66/66 MP: 21/28
 15367 | Lair:1   | Noticed Harold
 15373 | Lair:1   | Killed Harold
 15847 | Lair:1   | Reached skill level 5 in Fighting
 16238 | Lair:2   | Found a staircase to the Snake Pit.
 16391 | D:10     | Bought a book of Lightning for 570 gold pieces
 16467 | Lair:2   | Found a staircase to the Shoals.
 16564 | Lair:2   | Learned a level 5 spell: Arcjolt
 18298 | Lair:3   | Noticed a five-headed hydra
 18508 | Lair:3   | Killed a five-headed hydra
 19526 | Lair:4   | Learned a level 4 spell: Cause Fear
 19600 | Lair:5   | Entered Level 5 of the Lair of Beasts
 19697 | Lair:5   | Reached XP level 13. HP: 74/74 MP: 14/30
 20028 | Lair:5   | Found a viscous altar of Jiyva.
 20028 | Lair:5   | Found a staircase to the Slime Pits.
 20250 | Lair:5   | Reached skill level 10 in Air Magic
 20393 | Lair:5   | Reached ***** piety under Vehumet
 20553 | Lair:5   | Offered knowledge of Eringya's Noxious Bog by Vehumet.
 21361 | Lair:5   | Found a runed translucent door.
 22126 | Lair:5   | Reached skill level 10 in Dodging
 23369 | Lair:5   | Reached skill level 15 in Spellcasting
 23573 | Lair:5   | Reached XP level 14. HP: 77/80 MP: 29/35
 23587 | Lair:5   | Offered knowledge of Irradiate by Vehumet.
 23795 | Lair:5   | Learned a level 5 spell: Irradiate
 24258 | D:12     | Found a portal to a secret trove of treasure.
 26386 | D:13     | Noticed Azrael
 26396 | D:13     | Killed Azrael
 26815 | D:13     | Reached skill level 13 in Conjurations
 26980 | D:13     | Found a glowing silver altar of Zin.
 26981 | D:13     | Noticed an angel
 27481 | D:13     | Found a gate to the Vaults.
 27484 | D:13     | Got the Discourse on Warped Gloom
 27766 | D:14     | Noticed Snorg
 27791 | D:14     | Killed Snorg
 27947 | D:14     | Found Kewn's Antique Weapon Boutique.
 28336 | D:14     | Reached skill level 14 in Conjurations
 28336 | D:14     | Reached XP level 15. HP: 89/89 MP: 37/37
 28407 | D:14     | Offered knowledge of Iskenderun's Battlesphere by Vehumet.
 28754 | D:15     | Entered Level 15 of the Dungeon
 29339 | D:15     | Found a sparkling altar of Nemelex Xobeh.
 29387 | D:15     | Identified the +4 short sword "Ihagoc" {flame, +Blink
                  | Int+3}
 29581 | D:15     | Reached skill level 15 in Conjurations
 29710 | D:15     | Found a staircase to the Depths.
 30461 | Orc:1    | Entered Level 1 of the Orcish Mines
 30592 | Orc:2    | Entered Level 2 of the Orcish Mines
 30595 | Orc:2    | Found a staircase to the Elven Halls.
 30638 | Orc:2    | Noticed Erolcha
 30645 | Orc:2    | Killed Erolcha
 30765 | Orc:2    | Found a dark tunnel.
 30774 | Volcano  | Entered a volcano
 30785 | Volcano  | Reached skill level 16 in Conjurations
 30871 | Volcano  | Reached skill level 1 in Transmutations
 30918 | Volcano  | Reached XP level 16. HP: 86/94 MP: 19/38
 30994 | Volcano  | Offered knowledge of Conjure Ball Lightning by Vehumet.
 31579 | Orc:2    | Reached skill level 5 in Transmutations
 31856 | Orc:2    | Found Moceod Pey's Antique Weapon Shoppe.
 31861 | Orc:2    | Found Pets's Distillery.
 31866 | Orc:2    | Found Tesiz's General Store.
 31867 | Orc:2    | Found Nekaru's Armour Shoppe.
 31881 | Orc:2    | Bought a scroll of teleportation for 48 gold pieces
 31930 | Orc:2    | Found Siucs's Jewellery Boutique.
 31956 | Orc:2    | Learned a level 6 spell: Conjure Ball Lightning
 32085 | Orc:2    | Bought the ring "Demit" {rF+ Will+ rCorr Dex+4} for 689
                  | gold pieces
 32273 | Snake:1  | Entered Level 1 of the Snake Pit
 32400 | Snake:1  | Reached skill level 17 in Conjurations
 34026 | Snake:1  | Identified the +8 chain mail "Put-Me-On" {rC+ Slay+3}
 34944 | Snake:2  | Found Rabaas Ewnu's Armour Emporium.
 34981 | Snake:2  | Reached skill level 18 in Conjurations
 35236 | Snake:2  | Found Iseaptul's Magic Scroll Shop.
 35303 | Snake:2  | Found Hodiruv's General Store.
 35318 | Snake:2  | Found Nekeoqusch's Distillery.
 35581 | Snake:2  | Bought a scroll of enchant armour for 150 gold pieces
 36068 | Snake:3  | Offered knowledge of Spellforged Servitor by Vehumet.
 36395 | Snake:3  | Reached skill level 10 in Transmutations
 36404 | Snake:3  | Reached XP level 17. HP: 99/99 MP: 36/39
 37171 | Snake:4  | Entered Level 4 of the Snake Pit
 37179 | Snake:4  | Found a frozen archway.
 37197 | Snake:4  | Reached skill level 19 in Conjurations
 37230 | Snake:3  | Gained mutation: Your spells are a little easier to cast,
                  | but a little less powerful. [mutagenic glow]
 37280 | Snake:3  | Lost mutation: Your spells are a little easier to cast, but
                  | a little less powerful. [potion of mutation]
 37280 | Snake:3  | Gained mutation: You expend magic power (3 MP) to
                  | strengthen your wands. [potion of mutation]
 37280 | Snake:3  | Gained mutation: You are somewhat resistant to further
                  | mutation. [potion of mutation]
 37623 | IceCv    | Entered an ice cave
 37868 | IceCv    | Reached skill level 20 in Conjurations
 37940 | IceCv    | Learned a level 7 spell: Spellforged Servitor
 38114 | Snake:4  | Reached skill level 1 in Summonings
 38816 | Snake:4  | HP: 4/91 [nagaraja/+2 whip of draining (15)]
 38818 | Snake:4  | Mangled by a nagaraja

Illustrated notes

Levels and vault maps discovered:
D:1:      amcnicky_arrival_gap_in_the_tavern_cellar, layout_basic, minivault_23
D:2:      layout_basic, shapermc_ecumenical_altar_acropolis
D:3:      layout_rooms, st_stairs_14, uniq_natasha, uniq_crazy_yiuf_cottage,
          uniq_grinder
D:4:      layout_basic, wad_orctagon
D:5:      layout_cave_pods, vehumet_crystals
D:6:      layout_loops_ring, grunt_gozag_statues,
          grunt_dithmenos_smoke_and_mirrors, nzn_wu_jian_council_hall,
          evilmike_ruin_ashenzari, kennysheep_ying_yang, makhleb_grotto_becter,
          minmay_misc_feat_hallway, kennysheep_another_room
D:7:      layout_loops_ring, minmay_temple_entry_antechambers, nicolae_sextant,
          david_defended_altar_orc
D:8:      layout_cave_pods, gammafunk_ghost_cemetery,
          chequers_serial_rivers_small_b, chequers_serial_rivers_micro_c,
          minmay_crossroads
D:9:      layout_roguey, mainiacjoe_overflow_concentric_impassable,
          grunt_lair_entry_orc_guard_hut, uniq_gastronok
D:10:     layout_irregular_city, mainiacjoe_overflow_cross_hatched, erik_orc_2,
          minmay_shop_grid_forest, dreamdust_princess_bridge,
          minmay_starry_boxes
D:11:     layout_stronghold, gauntlet_entry_generic
D:12:     layout_long_grid, nicolae_trove_entry_crossroad
D:13:     layout_basic, david_vaults_4, zin_angel, uniq_azrael
D:14:     layout_irregular_city, serial_shops, nicolae_stop_n_shop_1, uniq_snorg
D:15:     grunt_enter_depths_magical_seal, layout_loops_ring, dk_noncrumbling_2,
          special_room [special_room_orc], nemelex_lonely_heart_becter
Lair:1:   layout_gridlike, minmay_lair_oklob_items, pond, uniq_harold
Lair:2:   layout_regular_city, nicolae_shoals_entry_roost,
          guppyfry_snake_entry_garden, forest_entry_grove, lemuel_fruit_fields,
          serial_bayou_shore_b
Lair:3:   layout_misc_corridors
Lair:4:   layout_regular_city, hibernation_bobbens
Lair:5:   hangedman_lair_caniforms_friends, layout_gridlike, wormcave,
          dpeg_slime_entry_enclosed, grunt_forest_large_clearings
Snake:1:  layout_misc_corridors
Snake:2:  layout_onion_interference, serial_shops, shop,
          nicolae_shop_behind_doors, nicolae_shop_waterfront,
          nicolae_take_the_stairs, drop_trap
Snake:3:  layout_layer_cave
Snake:4:  johnstein_snake_rune_scales, layout_chambers,
          portal_ice_cave_entry_ugly_swarm, grunt_ministairs_8
Orc:1:    layout_caves, serial_shops
Orc:2:    st_orc_open, layout_diamond_mine, serial_shops, shop,
          nicolae_volcano_entry_batcave, uniq_erolcha

Skill      XL: |  1  2  3  4  5  6  7  8  9 10 11 12 13 14 15 16 17 |
---------------+----------------------------------------------------+-----
Conjurations   | 2 3 8 12 14 16 18 20 | 20.0
Spellcasting   | 4 5 8 10 11 15 16 | 16.4
Air Magic      | 4 5 6 7 8 9 11 | 11.0
Fighting       | 2 3 4 6 8 |  8.7
Dodging        | 4 5 7 9 11 | 11.2
Hexes          | 1 8 12 | 12.0
Evocations     | 4 5 7 |  7.0
Transmutations | 1 10 | 10.0
Summonings     | 3 |  3.2
Stealth        | |  2.4

Action                     |  1- 3 |  4- 6 |  7- 9 | 10-12 | 13-15 | 16-18 || total
---------------------------+-------+-------+-------+-------+-------+-------++-------
  Melee: Unarmed           |     1 |       |       |       |       |       ||     1
         Dagger            |     2 |     1 |       |       |       |       ||     3
         Whip              |       |       |    13 |     6 |       |       ||    19
         Staff             |       |       |       |    61 |    40 |     6 ||   107
         Punch             |       |       |       |     1 |       |       ||     1
   Cast: Shock             |    71 |    60 |   129 |   129 |    98 |       ||   487
         Static Discharge  |       |     5 |     7 |     1 |       |       ||    13
         Airstrike         |       |     1 |    54 |   245 |   340 |   134 ||   774
         Swiftness         |       |     1 |     4 |     3 |       |       ||     8
         Fulminant Prism   |       |       |       |    45 |     3 |       ||    48
         Arcjolt           |       |       |       |     1 |   107 |    29 ||   137
         Cause Fear        |       |       |       |     1 |    18 |     3 ||    22
         Irradiate         |       |       |       |       |    32 |    28 ||    60
         Conjure Ball Ligh |       |       |       |       |       |    68 ||    68
  Evoke: Wand              |     1 |     4 |     1 |     3 |     2 |       ||    11
         Phial of floods   |       |       |       |       |       |     1 ||     1
    Use: Scroll            |     4 |     6 |     1 |     8 |     6 |     5 ||    30
         Potion            |       |     5 |       |     7 |     2 |     5 ||    19
   Stab: Sleeping          |       |     1 |       |       |       |       ||     1
 Armour: Robe              |     2 |     2 |    13 |    24 |    94 |    25 ||   160
  Dodge: Dodged            |     5 |    12 |    59 |    85 |   253 |   104 ||   518

Table legend: (Time is in decaauts)
 A = Elapsed time spent in this place.
 B = Non-inter-level travel time spent in this place.
 C = Inter-level travel time spent in this place.
 D = Time resting spent in this place.
 E = Time spent auto-exploring this place.
 F = Levels seen in this place.
 G = Mean time per level.
                   A        B        C        D        E       F      G
               +--------+--------+--------+--------+--------+-----+--------+
         Total |  38919 |  36654 |   2265 |  12957 |  16907 |  29 | 1342.0 |
       Dungeon |  20378 |  18803 |   1575 |   5350 |  10217 |  15 | 1358.5 |
          Lair |  10050 |   9576 |    474 |   4556 |   3392 |   5 | 2010.0 |
     Snake Pit |   5917 |   5824 |     93 |   2393 |   2466 |   4 | 1479.2 |
  Orcish Mines |    980 |    858 |    122 |    158 |    422 |   2 |  490.0 |
      Ice Cave |    355 |    355 |      0 |    192 |     34 |   1 |  355.0 |
       Volcano |    721 |    721 |      0 |    301 |    225 |   1 |  721.0 |
      Gauntlet |    516 |    516 |      0 |      6 |    151 |   1 |  516.0 |
               +--------+--------+--------+--------+--------+-----+--------+

Top non-repeatable levels by time:
  Lair:5: 3769 daAuts
    D:10: 2215 daAuts
    D:13: 2194 daAuts
     D:9: 2081 daAuts
  Lair:2: 1851 daAuts
 Snake:1: 1767 daAuts
  Lair:1: 1755 daAuts
  Lair:4: 1691 daAuts
    D:15: 1558 daAuts
    D:11: 1555 daAuts
 Snake:2: 1552 daAuts
     D:4: 1537 daAuts
 Snake:3: 1517 daAuts
     D:8: 1449 daAuts
    D:12: 1413 daAuts
